 Dungeon Crawl Stone Soup version 0.19-a0-1326-gee3fcf6 (webtiles) character file.

412 Elitist the Chiller (level 7, -1/46 HPs)
             Began as a Human Ice Elementalist on Aug 31, 2016.
             Slain by an ice beast (14 damage)
             ... on level 5 of the Dungeon.
             The game lasted 00:12:43 (3707 turns).

Elitist the Chiller (Human Ice Elementalist)        Turns: 3707, Time: 00:12:44

Health: -1/46      AC:  5    Str:  9    XL:     7   Next: 14%
Magic:  0/11       EV: 12    Int: 16    God:
Gold:   228        SH:  0    Dex: 14    Spells: 3 memorised, 4 levels left

rFire  . . .     SeeInvis .     h - +2 hand axe (venom)
rCold  . . .     Gourm    .     a - +0 robe
rNeg   . . .     Faith    .     (no shield)
rPois  .         Spirit   .     (no helmet)
rElec  .         Dismiss  .     y - +0 cloak
rCorr  .         Reflect  .     j - +1 pair of gloves
MR     .....     Harm     .     (no boots)
Stlth  ++........               l - amulet of regeneration
                                (no ring)
                                (no ring)

@: lethally poisoned (-1 -> -1), very slightly contaminated
A: no striking features
a: no special abilities


You were on level 5 of the Dungeon.
You were hungry.

You visited 1 branch of the dungeon, and saw 5 of its levels.

You collected 228 gold pieces.

Inventory:

Hand Weapons
 h - a +2 hand axe of venom (weapon)
Missiles
 g - 60 arrows
 s - 3 steel tomahawks (quivered)
Armour
 a - a +0 robe (worn)
 j - a +1 pair of gloves (worn)
 y - a +0 cloak (worn)
Jewellery
 l - an amulet of regeneration (around neck)
Wands
 z - a wand of hasting (5/9)
Scrolls
 k - 2 scrolls of magic mapping
 m - a scroll of random uselessness
 r - 3 scrolls of remove curse
Potions
 f - a potion of heal wounds
 o - 2 potions of resistance {unknown}
 t - a potion of beneficial mutation {unknown}
 v - a potion of cure mutation {unknown}
 w - a potion of curing {unknown}
 x - a potion of cancellation {unknown}
Books
 b - a book of Frost

   Spells                             Type                      Level
   a - Freeze                         Ice                          1
   b - Throw Frost                    Conjuration/Ice              2
   c - Ozocubu's Armour               Charms/Ice                   3
   d - Throw Icicle                   Conjuration/Ice              4
   e - Summon Ice Beast               Ice/Summoning                4
Comestibles
 c - 3 bread rations
 n - 3 meat rations
 q - 4 chunks of flesh


   Skills:
 - Level 2.0 Dodging
 - Level 2.0 Stealth
 - Level 3.0 Spellcasting
   Level 1.0 Conjurations
 + Level 3.1 Charms
 + Level 3.0 Summonings
 + Level 5.2 Ice Magic


You had 4 spell levels left.
You knew the following spells:

 Your Spells              Type           Power        Failure   Level  Hunger
a - Freeze                Ice            ###.         2%          1    #......
b - Ozocubu's Armour      Chrm/Ice       ###.....     12%         3    ###....
c - Summon Ice Beast      Ice/Summ       ###.....     38%         4    #####..


Dungeon Overview and Level Annotations

Branches:
Dungeon (5/15)
 Temple: D:4-7

Altars:


Message History

You hear the slow rusting of a distant drain.
Casting: Summon Ice Beast
Confirm with . or Enter, or press ? or * to list all spells.
A chill wind blows around you.
You are feeling hungry.
The ice beast hits you. The ice beast freezes you!
You hit the ice beast but do no damage.
You feel sick.
The ice beast hits you but does no damage.
Your ice beast closely misses the ice beast.
Unknown command.
You closely miss the ice beast. The ice beast hits you.
The ice beast freezes you!
Your ice beast misses the ice beast.
The ice beast hits you but does no damage.
Unknown command.
You barely miss the ice beast.
Your ice beast hits the ice beast but does no damage.
The ice beast hits you.
* * * LOW HITPOINT WARNING * * *
The ice beast freezes you!
You die...

*,* #.######.###.#.##.*****,*
##.#####.# #.............,,,,*,*
#.......Y# ####.###......,,,,*,*
#..#####.# #.# #....>,.,,,,,*
#........# ####.###...##.##,,,,*
##..##.##.###...............,..,*
.................Y.....#..#*....*
#.......#.##..##Y#.#.#.#..##....*
........#.##....@....)..........#
...................)))..........#
....##..#.##..##.#.#.#.......#..#
....*##.#.##..##.................
....,,....##...........(........#
##,,*.#.####.###.#.###.....#.#..#
*,,*,*,****,,.......#.#........#
*,,,,,,,,,,,....#.........#..#.#
****,*,**,,,....................


You could see an ice beast and a friendly ice beast.

Vanquished Creatures
  A scorpion (D:4)
  A crimson imp (D:5)
  A hound (D:4)
  An orc wizard (D:5)
  A centaur skeleton (D:4)
  2 iguanas (D:4)
  2 worker ants
  6 adders
  An adder skeleton (D:4)
  A worm (D:2)
  4 giant geckos
  10 orcs
  A giant cockroach (D:1)
  8 goblins
  7 hobgoblins
  7 jackals
  A quokka (D:2)
  A ball python (D:3)
  6 bats
  A giant gecko skeleton (D:4)
  5 giant newts
  5 kobolds
  3 quokka skeletons
  5 rats
81 creatures vanquished.

Notes
Turn   | Place    | Note
-------+----------+-------------------------------------------
     0 | D:1      | Elitist the Human Ice Elementalist began the quest for the Orb.
     0 | D:1      | Reached XP level 1. HP: 13/13 MP: 3/3
   213 | D:1      | Reached XP level 2. HP: 19/19 MP: 0/5
   812 | D:2      | Reached XP level 3. HP: 17/24 MP: 2/6
   887 | D:2      | Reached skill level 4 in Ice Magic
   935 | D:2      | Learned a level 3 spell: Ozocubu's Armour
  1409 | D:2      | Reached XP level 4. HP: 29/30 MP: 4/7
  1426 | D:2      | Learned a level 4 spell: Summon Ice Beast
  1851 | D:3      | Found a faded altar of an unknown god.
  1926 | D:3      | Reached skill level 1 in Charms
  2369 | D:3      | Reached skill level 1 in Summonings
  2369 | D:3      | Reached XP level 5. HP: 35/35 MP: 9/9
  2613 | D:3      | Noticed an ogre
  3032 | D:4      | Reached XP level 6. HP: 32/41 MP: 8/10
  3439 | D:4      | Reached skill level 5 in Ice Magic
  3604 | D:5      | Entered Level 5 of the Dungeon
  3635 | D:5      | Reached XP level 7. HP: 46/46 MP: 6/11
  3707 | D:5      | Slain by an ice beast

Vault maps used:
D:1:      ncdulo_halloftheorcs
D:3:      ecumenical_altar_1, minmay_misc_feat_cross
D:4:      hex_medium
D:5:      portal_sewer_entry_f, first_bread

Skill      XL: |  1  2  3  4  5  6  7 |
---------------+----------------------+-----
Ice Magic      | 4 5 |  5.2
Charms         | 1 2 3 |  3.1
Summonings     | 1 2 3 |  3.0
Spellcasting   | 3 |  3.0
Dodging        | |  2.0
Stealth        | |  2.0
Conjurations   | |  1.0

Action                   |  1- 3 |  4- 6 |  7- 9 || total
-------------------------+-------+-------+-------++-------
Melee: Unarmed           |     9 |       |       ||     9
       Whip              |     1 |    25 |       ||    26
       Mace              |       |    50 |       ||    50
       Hand axe          |       |    43 |    11 ||    54
Throw: Tomahawk          |       |     1 |       ||     1
 Cast: Freeze            |    56 |    51 |     4 ||   111
       Summon Ice Beast  |       |       |     1 ||     1
  Use: Scroll            |       |     9 |       ||     9
 Stab: Sleeping          |     1 |     4 |       ||     5
  Eat: Chunk             |     2 |     8 |       ||    10
Armor: Robe              |    11 |    30 |     5 ||    46
Dodge: Dodged            |    34 |   107 |     7 ||   148
